 Dungeon Crawl Stone Soup version 0.28.0-49-g6dfe1f597d (webtiles) character file.

Game seed: 1986622333984487766

31 bnorton916 the Stinger (level 3, -1/19 HPs)
             Began as a Deep Elf Venom Mage on May 11, 2022.
             Killed from afar by Natasha (3 damage)
             ... with a magic dart
             ... on level 2 of the Dungeon.
             The game lasted 00:04:12 (2052 turns).

bnorton916 the Stinger (Deep Elf Venom Mage)        Turns: 2052, Time: 00:04:13

Health: -1/19      AC:  2    Str:  5    XL:     3   Next: 7%
Magic:  3/10       EV: 12    Int: 21    God:
Gold:   54         SH:  0    Dex: 15    Spells: 3/9 levels left

rFire   . . .      SeeInvis .   d - +2 dagger (elec)
rCold   . . .      Faith    .   (no shield)
rNeg    . . .      Spirit   .   a - +0 robe
rPois   .          Reflect  .   (no helmet)
rElec   .          Harm     .   (no cloak)
rCorr   .          Rampage  .   (no gloves)
Will    .....                   (no boots)
Stlth   ++........              (no amulet)
HPRegen 0.06/turn               (no ring)
MPRegen 0.12/turn               (no ring)

@: slowed, very slow
A: no striking features
a: no special abilities


You were on level 2 of the Dungeon.
You visited 1 branch of the dungeon, and saw 2 of its levels.

You collected 54 gold pieces.

Inventory:

Hand Weapons
 d - a +2 dagger of electrocution (weapon)
Missiles
 c - 9 poisoned darts (quivered)
Armour
 a - a +0 robe (worn)
Scrolls
 e - a scroll of identify {unknown}
 g - a scroll of teleportation {unknown}
Potions
 b - a potion of might {unknown}
 f - a potion of brilliance {unknown}


   Skills:
 - Level 2.4 Dodging
 - Level 2.4 Stealth
 + Level 3.7 Spellcasting
 + Level 0.0 Conjurations
 - Level 2.1 Transmutations
 + Level 0.0 Air Magic
 + Level 3.7 Poison Magic


You had 3 spell levels left.
You knew the following spells:

 Your Spells              Type           Power      Damage    Failure   Level
a - Sting                 Tmut/Pois      64%        1d6       3%          1
b - Poisonous Vapours     Pois/Air       22%        N/A       9%          2
c - Mephitic Cloud        Conj/Pois/Air  9%         N/A       22%         3

Your spell library contained the following spells:

 Spells                   Type           Power      Damage    Failure   Level
 Olgreb's Toxic Radiance  Pois           19%        N/A       26%         4


Dungeon Overview and Level Annotations

Branches:
Dungeon (2/15)

Altars:

Annotations:
D:2 Natasha


Message History

Natasha claws you!
Unknown command.
You barely miss Natasha.
Natasha is lightly wounded.
Natasha misses you.
Unknown command.
Natasha mumbles some strange words.
The crimson imp blinks!
The shadow imp hits you.
Natasha mumbles some strange words.
The shadow imp barely misses you.
Your magical contamination has completely faded away.
Natasha wildly gestures.
You feel troubled. The shadow imp spits at you.
Natasha looks more healthy.
The shadow imp summons a swarm of flies.
Casting: Poisonous Vapours (safe; 9% risk of failure)
Confirm with . or Enter, or press ? or * to list all spells.
Aiming: Poisonous Vapours (safe; 9% risk of failure)
Press: ? - help, Dir - move target, f/p - Natasha
Aim: Natasha (severely wounded) Poisonous vapours surround Natasha!
Natasha is poisoned.
The shadow imp misses you.
Unknown command.
The shadow imp spits at you. Natasha claws you.
* * * LOW HITPOINT WARNING * * *
Natasha mewls in sadness.
Natasha stares at you and mumbles some strange words.
You feel yourself slow down.
Casting: Poisonous Vapours (safe; 9% risk of failure)
Confirm with . or Enter, or press ? or * to list all spells.
Aiming: Sting (safe; 3% risk of failure)
Press: ? - help, Shift-Dir - straight line, f/p - Natasha
Aim: Natasha (severely wounded, poisoned, 67% to hit)
The sting hits Natasha.
Natasha looks even sicker.
Natasha is almost dead.
Natasha casts a spell at you. The magic dart hits you.
You die...

#.. #..#######.##.#
####.. ...............#
......###........#...####
#?..# ###.#.### #.5##
#....##
#..########.....##
#.......##.†.....#
#.#####.##.......#
#......55h.@.....#
#######.###.....## #.#
##...## #.# ##.## #.# .#
#.# .# #.# # #.# #.#


You could see Natasha (very poisoned), a white imp (summoned) and a shadow imp
(summoned).

Vanquished Creatures
  A worm (D:2)
  2 ball pythons (D:1)
  5 endoplasms
  2 giant cockroaches (D:1)
  4 goblins (D:1)
  A hobgoblin (D:1)
  A quokka (D:1)
  A bat (D:1)
  3 frilled lizards (D:1)
  2 kobolds (D:1)
  5 rats
27 creatures vanquished.

Notes
Turn   | Place    | Note
-------+----------+-------------------------------------------
     0 | D:1      | bnorton916 the Deep Elf Venom Mage began the quest for the
                  | Orb.
     0 | D:1      | Reached XP level 1. HP: 10/10 MP: 6/6
    95 | D:1      | Reached XP level 2. HP: 4/15 MP: 1/8
   513 | D:1      | Learned a level 2 spell: Poisonous Vapours
  1943 | D:2      | Reached XP level 3. HP: 19/19 MP: 1/10
  1947 | D:2      | Learned a level 3 spell: Mephitic Cloud
  2030 | D:2      | Noticed Natasha
  2052 | D:2      | Killed from afar by Natasha

Illustrated notes

Levels and vault maps discovered:
D:1:      dpeg_arrival_brainrot, layout_rooms, due_unseen_surprise
D:2:      layout_loops_ring, hangedman_abyss_or_decor_stabs, uniq_natasha,
          uniq_robin

Skill      XL: |  1  2 |
---------------+-------+-----
Transmutations | 2 |  2.1
Dodging        | |  2.4
Stealth        | |  2.4
Spellcasting   | |  3.7
Poison Magic   | |  3.7

Action                   || total
-------------------------++-------
Melee: Dagger            ||    21
       Punch             ||     1
Throw: Dart              ||     3
 Cast: Sting             ||    35
       Poisonous Vapours ||    14
Armor: Robe              ||     2
Dodge: Dodged            ||    16
